 Dungeon Crawl Stone Soup version 0.30-a0-778-g2ef04afb54 (webtiles) character file.

Game seed: 785542934710165907

47 PLAYERX the Ducker (level 3, 0/43 (46) HPs)
             Began as a Gnoll Wanderer on Feb 16, 2023.
             Succumbed to Crazy Yiuf's poison
             ... on level 2 of the Dungeon.
             The game lasted 00:10:58 (1629 turns).

PLAYERX the Ducker (Gnoll Wanderer)                 Turns: 1629, Time: 00:10:59

HP:   0/43 (46)     AC: 21    Str: 11    XL:     3   Next: 70%
MP:   1/7           EV:  2    Int: 10    God:
Gold: 47            SH:  0    Dex: 16    Spells: 6/7 levels left

rFire   . . .      SeeInvis .    a - +2 mace
rCold   . . .      Faith    .    (no shield)
rNeg    . . .      Spirit   +    (body armour currently unavailable)
rPois   +          Reflect  .    (helmet currently unavailable)
rElec   .          Harm     .    (cloak currently unavailable)
rCorr   .          Rampage  .    (gloves currently unavailable)
Will    .....      NoTele   +    (boots currently unavailable)
Stlth   ++                       l - amulet of guardian spirit
HPRegen 0.27/turn                (no ring)
MPRegen 0.10/turn                (no ring)

@: lethally poisoned (0 -> -9), tree-form, attractive, drained
A: stationary, stasis, torment immunity, boosted hp, (fangs 1), strong nose,
distributed training, agile 1, mutation resistance 1, (sturdy frame 1)
a: no special abilities


You were on level 2 of the Dungeon.
You were a tree.
You visited 1 branch of the dungeon, and saw 2 of its levels.

You collected 47 gold pieces.

Inventory:

Hand Weapons
 a - a +2 mace (weapon)
Armour
 b - a +0 scale mail (melded)
 c - a +0 cloak (melded)
 j - a +1 pair of boots (melded)
 m - a +0 pair of gloves (melded)
Jewellery
 l - an amulet of guardian spirit (around neck)
Scrolls
 d - a scroll of silence {unknown}
 e - a scroll of vulnerability {unknown}
 g - a scroll of fog
 k - a scroll of identify {unknown}
 o - a scroll of blinking {unknown}
Potions
 f - a potion of flight
 i - a potion of cancellation


   Skills:
 + Level 4.6 Fighting
 + Level 1.0 Short Blades
 + Level 1.0 Long Blades
 + Level 1.0 Axes
 + Level 4.6 Maces & Flails
 + Level 1.0 Polearms
 + Level 1.0 Staves
 + Level 1.0 Ranged Weapons
 + Level 1.0 Throwing
 + Level 2.6 Armour
 + Level 4.6 Dodging
 + Level 2.4 Stealth
 + Level 1.0 Shields
 + Level 1.0 Unarmed Combat
 + Level 2.9 Spellcasting
 + Level 0.7 Conjurations
 + Level 2.1 Hexes
 + Level 0.7 Summonings
 + Level 0.7 Necromancy
 + Level 0.7 Translocations
 + Level 0.7 Transmutations
 + Level 0.7 Fire Magic
 + Level 0.7 Ice Magic
 + Level 0.7 Air Magic
 + Level 0.7 Earth Magic
 + Level 0.7 Poison Magic
 + Level 1.0 Invocations
 + Level 1.0 Evocations


You had 6 spell levels left.
You knew the following spells:

 Your Spells              Type           Power      Damage    Failure   Level
a - Slow                  Hex            20%        N/A       12%         1

Your spell library contained the following spells:

 Spells                   Type           Power      Damage    Failure   Level
 Dazzling Flash           Conj/Hex       8%         N/A       43%         3


Dungeon Overview and Level Annotations

Branches:
Dungeon (2/15)

Altars:

Shops:
D:1 [

Annotations:
D:2 Crazy Yiuf


Innate Abilities, Weirdness & Mutations

You are a tree.
Your roots penetrate the ground, keeping you stationary.
You cannot be teleported.
You are immune to unholy pain and torment.
Your maximum health is greatly increased.
Your equipment is partially melded.
((You have very sharp teeth.))
Your uncanny sense of smell can sniff out nearby items.
Your experience applies equally to all skills.
You are agile. (Dex +4, Str/Int -1)
You are somewhat resistant to further mutation.
((Your movements are slightly less encumbered by armour. (ER -2)))


Message History

Aim: Crazy Yiuf, wielding a +2 quarterstaff of chaos and wearing a +1 cloak of preservation (chance to affect: 49%) Crazy Yiuf resists with some effort.
Crazy Yiuf says, "Mountain!
Cholesterol dark blue."
Crazy Yiuf barely misses you.
Casting: Slow (safe; 50% risk of failure)
Confirm with . or Enter, or press ? or * to list all spells.
Aiming: Slow (safe; 50% risk of failure)
Press: ? - help, Shift-Dir - straight line, f/p - Crazy Yiuf
Aim: Crazy Yiuf, wielding a +2 quarterstaff of chaos and wearing a +1 cloak of preservation (chance to affect: 49%)
You miscast Slow.
You are very lightly contaminated with residual magic.
Nothing appears to happen.
Crazy Yiuf hits you with a +2 quarterstaff of chaos!
* * * LOW HITPOINT WARNING * * *
You feel drained.
* * * LOW HITPOINT WARNING * * *
Unknown command.
You barely miss Crazy Yiuf. Crazy Yiuf misses you.
Okay, then.
It was a potion of cancellation.
You feel magically purged.
Your magical contamination has completely faded away.
Crazy Yiuf closely misses you.
It was a potion of flight.
You feel very buoyant.
You fly up into the air.
Crazy Yiuf barely misses you.
It was a potion of mutation.
You feel extremely strange.
You feel less encumbered by your armour.
You feel agile.
You feel genetically stable.
Crazy Yiuf hits you with a +2 quarterstaff of chaos!
* * * LOW HITPOINT WARNING * * *
It was a potion of lignification.
You turn into a tree.
Your +0 cloak melds into your body.
Your +0 pair of gloves melds into your body.
Your +1 pair of boots melds into your body.
Your +0 scale mail melds into your body.
Your roots penetrate the ground.
Crazy Yiuf hits you but does no damage.
You are lethally poisoned!
It was a potion of attraction.
You feel attractive to monsters.
You die...

#.#######.......
### #....>..
#....... #####
#####.......
#)..#
#...........
#...#
####..8..[.. ...
#........ #g#
#[##.#... #♣##
#.##...## ##.#
#.####.#. #.##
#.# #.#. ##.# #
#.# #.#. ##.##
#. #.# #.#.
##P..# . #.#
#... #P..P#
##.#.# ####
#....#
#..#.##.....
##..##
#...........


You could see Crazy Yiuf.

Vanquished Creatures
  An adder (D:2)
  A worm (D:2)
  2 dart slugs
  An orc (D:2)
  A giant cockroach (D:1)
  4 hobgoblins
  3 quokkas
  3 ball pythons
  6 bats
  5 goblins
  2 rats (D:1)
29 creatures vanquished.

Notes
Turn   | Place    | Note
-------+----------+-------------------------------------------
     0 | D:1      | PLAYERX the Gnoll Wanderer began the quest for the Orb.
     0 | D:1      | PLAYERX set off with the following items: a +2 mace, a +0
                  | cloak, a scroll of fog, a +0 robe; and the following spell
                  | memorised: Slow; and the following spells available to
                  | memorise: Dazzling Flash.
     0 | D:1      | Reached XP level 1. HP: 20/20 MP: 4/4
    14 | D:1      | Found a faded altar of an unknown god.
   387 | D:1      | Reached XP level 2. HP: 26/26 MP: 5/5
   825 | D:1      | Found Utilear's Armour Boutique.
  1319 | D:2      | Reached XP level 3. HP: 29/31 MP: 5/7
  1399 | D:2      | Reached skill level 1 in Invocations
  1406 | D:2      | Reached skill level 1 in Short Blades
  1406 | D:2      | Reached skill level 1 in Long Blades
  1406 | D:2      | Reached skill level 1 in Axes
  1406 | D:2      | Reached skill level 1 in Polearms
  1406 | D:2      | Reached skill level 1 in Staves
  1406 | D:2      | Reached skill level 1 in Ranged Weapons
  1406 | D:2      | Reached skill level 1 in Throwing
  1406 | D:2      | Reached skill level 1 in Shields
  1406 | D:2      | Reached skill level 1 in Unarmed Combat
  1406 | D:2      | Reached skill level 1 in Evocations
  1616 | D:2      | Found a runed translucent door.
  1617 | D:2      | Noticed Crazy Yiuf
  1627 | D:2      | Gained mutation: Your movements are slightly less
                  | encumbered by armour. (ER -2) [potion of mutation]
  1627 | D:2      | Gained mutation: You are agile. (Dex +4, Str/Int -1)
                  | [potion of mutation]
  1627 | D:2      | Gained mutation: You are somewhat resistant to further
                  | mutation. [potion of mutation]
  1627 | D:2      | HP: 1/29 [Crazy Yiuf/+2 quarterstaff of chaos (7)]
  1629 | D:2      | Succumbed to Crazy Yiuf's poison

Illustrated notes

Levels and vault maps discovered:
D:1:      spicycebolla_green_bress_n_ham_2, layout_basic, serial_shops,
          nicolae_shop_window_shopping, chequers_ecumenical_altar_island,
          dk_noncrumbling_4
D:2:      layout_basic, st_stairs_1, uniq_terence, uniq_crazy_yiuf_cottage

Skill      XL: |  1  2  3 |
---------------+----------+-----
Hexes          | 2 |  2.1
Invocations    | 1 |  1.0
Short Blades   | 1 |  1.0
Long Blades    | 1 |  1.0
Axes           | 1 |  1.0
Polearms       | 1 |  1.0
Staves         | 1 |  1.0
Ranged Weapons | 1 |  1.0
Throwing       | 1 |  1.0
Shields        | 1 |  1.0
Unarmed Combat | 1 |  1.0
Evocations     | 1 |  1.0
Fighting       | |  4.6
Maces & Flails | |  4.6
Armour         | |  2.6
Dodging        | |  4.6
Stealth        | |  2.4
Spellcasting   | |  2.9
Conjurations   | |  0.7
Summonings     | |  0.7
Necromancy     | |  0.7
Translocations | |  0.7
Transmutations | |  0.7
Fire Magic     | |  0.7
Ice Magic      | |  0.7
Air Magic      | |  0.7
Earth Magic    | |  0.7
Poison Magic   | |  0.7

Action                     || total
---------------------------++-------
  Melee: Mace              ||    78
         Bite              ||     3
         Punch             ||     1
   Cast: Slow              ||     1
    Use: Potion            ||     5
 Armour: Robe              ||     8
         Scale mail        ||    41
         Skin              ||     1
  Dodge: Dodged            ||    71

Table legend: (Time is in decaauts)
 A = Elapsed time spent in this place.
 B = Non-inter-level travel time spent in this place.
 C = Inter-level travel time spent in this place.
 D = Time resting spent in this place.
 E = Time spent auto-exploring this place.
 F = Levels seen in this place.
 G = Mean time per level.
                   A        B        C        D        E       F      G
               +--------+--------+--------+--------+--------+-----+--------+
         Total |   1666 |   1666 |      0 |    102 |   1028 |   2 |  833.0 |
       Dungeon |   1666 |   1666 |      0 |    102 |   1028 |   2 |  833.0 |
               +--------+--------+--------+--------+--------+-----+--------+

Top non-repeatable levels by time:
     D:1: 1333 daAuts
     D:2: 332 daAuts
